 Dungeon Crawl Stone Soup version 0.30.1-9-gdf580d7c3d (webtiles) character file.

Game seed: 7896758674673392909

14254 Ijustatesigmund the Unflinching (level 12, -4/64 HPs)
             Began as a Gargoyle Earth Elementalist on Oct 19, 2023.
             Was a Believer of the Shining One.
             Slain by a sun demon (6 damage)
             ... on level 11 of the Dungeon.
             The game lasted 00:29:49 (15476 turns).

Ijustatesigmund the Unflinching (GrEE)             Turns: 15476, Time: 00:29:50

Health: -4/64      AC: 25    Str: 13    XL:     12   Next: 14%
Magic:  14/22      EV: 10    Int: 20    God:    the Shining One [**....]
Gold:   629        SH: 11    Dex: 16    Spells: 16/24 levels left

rFire   . . .        i - +0 morningstar (flame)
rCold   . . .        E - +0 kite shield
rNeg    + + .        a - +1 troll leather armour
rPois   ∞            k - +2 hat {Will+}
rElec   +            H - +0 cloak
rCorr   +            g - +2 pair of gloves
SInv    .            u - +2 pair of boots
Will    +....        (no amulet)
Stlth   +            C - ring of resist corrosion
HPRegen 1.10/turn    y - +6 ring of dexterity
MPRegen 0.18/turn

%: no passive effects
@: mighty, hasted, glowing, unable to read, very quick
A: sickness immunity, AC +8, negative energy resistance 1, electricity
resistance, torment resistance 1, petrification resistance, inability to read
after injury 1
a: Renounce Religion, Divine Shield


You were on level 11 of the Dungeon.
You worshipped the Shining One.
The Shining One was pleased with you.
You visited 2 branches of the dungeon, and saw 12 of its levels.

You collected 629 gold pieces.

Inventory:

Hand Weapons
 e - a +1 flail
 i - a +0 morningstar of flaming (weapon)
Armour
 a - a +1 troll leather armour (worn)
 d - the scarf of the Earth {+Inv, -Cast rElec rCorr}
   (You found it on level 8 of the Dungeon)

   rElec:     It insulates you from electricity.
   -Cast:     It prevents spellcasting.
   rCorr:     It protects you from acid and corrosion.
 g - a +2 pair of gloves (worn)
 j - +0 swamp dragon scales
 k - a +2 hat of willpower (worn)
 u - a +2 pair of boots (worn)
 E - a +0 kite shield (worn)
 H - a +0 cloak (worn)
Jewellery
 o - a ring of see invisible
 y - a +6 ring of dexterity (right hand)
 C - a ring of resist corrosion (left hand)
Wands
 c - a wand of flame (13)
 D - a wand of roots (6)
 G - a wand of quicksilver (4)
 I - a wand of paralysis (5)
Scrolls
 h - 2 scrolls of fog
 l - a scroll of silence
 n - a scroll of immolation
 q - 3 scrolls of poison
 t - 2 scrolls of blinking
Potions
 b - a potion of magic
 f - 3 potions of attraction
 m - 2 potions of brilliance
 r - 2 potions of resistance
 B - a potion of cancellation
 J - a potion of invisibility


   Skills:
 - Level 3.2 Fighting
 - Level 3.2 Maces & Flails
 - Level 7.0 Armour
 - Level 1.5 Dodging
 - Level 2.1 Stealth
 - Level 8.2 Shields
 + Level 6.7 Spellcasting
 + Level 6.6 Conjurations
 + Level 5.1 Transmutations
 + Level 9.2 Earth Magic
 + Level 9.7 Invocations


You had 16 spell levels left.
You knew the following spells:

 Your Spells              Type           Power      Damage    Failure   Level
a - Sandblast             Erth           86%        2d18      1%          1
b - Stone Arrow           Conj/Erth      76%        3d11      3%          3
c - Petrify               Tmut/Erth      35%        N/A       17%         4

Your spell library contained the following spells:

 Spells                   Type           Power      Damage    Failure   Level
 Magic Dart               Conj           100%       1d8       1%          1
 Passwall                 Tmut/Erth      29%        N/A       2%          2
 Wereblood                Tmut           27%        N/A       6%          2
 Sting                    Tmut/Pois      68%        1d6       11%         1
 Momentum Strike          Conj/Tloc      40%        3d9       12%         2
 Apportation              Tloc           12%        N/A       32%         1
 Necrotise                Necr           24%        1d5       32%         1
 Slow                     Hex            24%        N/A       32%         1
 Summon Small Mammal      Summ           24%        N/A       32%         1
 Mephitic Cloud           Conj/Pois/Air  15%        N/A       36%         3
 Blink                    Tloc           12%        N/A       43%         2
 Call Imp                 Summ           12%        N/A       43%         2
 Lesser Beckoning         Tloc           12%        N/A       43%         2
 Poisonous Vapours        Pois/Air       12%        N/A       43%         2
 Ignite Poison            Fire/Tmut/Pois 13%        N/A       43%         3
 Sticky Flame             Conj/Fire      20%        2d4       63%         4
 Confusing Touch          Hex            6%         N/A       67%         3
 Inner Flame              Hex/Fire       6%         N/A       67%         3
 Vampiric Draining        Necr           6%         2d6       67%         3
 Borgnjor's Vile Clutch   Necr/Erth      12%        N/A       80%         5
 Olgreb's Toxic Radiance  Pois           6%         N/A       97%         4
 Alistair's Intoxication  Tmut/Pois      11%        N/A       97%         5
 Yara's Violent Unravell  Hex/Tmut       8%         3d5       97%         5
 Eringya's Noxious Bog    Tmut/Pois      8%         N/A       100%        6
 Enfeeble                 Hex            3%         N/A       100%        7
 Summon Hydra             Summ           3%         N/A       100%        7
 Ignition                 Fire           3%         3d4       100%        8
 Sublimation of Blood     Necr           Unusable   N/A       N/A         2

Dungeon Overview and Level Annotations

Branches:
Dungeon (11/15)            Temple (1/1) D:7            Lair (0/5) D:8
    Orc: D:9-12

Altars:
Ashenzari
Cheibriados
Dithmenos
Elyvilon
Fedhas
Gozag
Hepliaklqana
Kikubaaqudgha
Makhleb
Nemelex Xobeh
Okawaru
Qazlal
Ru
Sif Muna
Trog
Uskayaw
Vehumet
Wu Jian
Xom
Yredelemnul
Zin
The Shining One

Annotations:
D:6 3 runed translucent doors, Tali's ghost, novice DsCK


Innate Abilities, Weirdness & Mutations

You are immune to sickness and miasma.
Your stone body is resilient. (AC +8)
You are immune to poison.
You resist negative energy. (rN+)
You are resistant to electric shocks. (rElec)
You are resistant to unholy torment.
You are immune to petrification.
You occasionally lose the ability to read scrolls when taking damage.


Message History

The hellwing hits you but does no damage.
You block the hellwing's attack.
You hit the soul eater. You burn the soul eater.
The soul eater is severely wounded.
The hellwing barely misses you.
The hellwing hits you but does no damage.
The soul eater closely misses you.
You barely miss the soul eater.
The soul eater is severely wounded.
The soul eater barely misses you.
The hellwing hits you but does no damage.
You block the hellwing's attack.
You sock the soul eater! You burn the soul eater.
The soul eater is almost dead.
The hellwing barely misses you. You block the hellwing's attack.
The soul eater hits you but does no damage.
You hit the soul eater. You burn the soul eater.
You kill the soul eater!
The Shining One accepts your kill. The hellwing hits you.
The hellwing hits you but does no damage.
You hit the hellwing but do no damage.
The hellwing is lightly wounded.
The sun demon hits you.
* * * LOW HITPOINT WARNING * * *
You are engulfed in flames!
You feel threatened and lose the ability to read scrolls!
* * * LOW HITPOINT WARNING * * *
You block the hellwing's attack.
The hellwing hits you but does no damage.
Okay, then.
You barely miss the hellwing.
The hellwing is lightly wounded.
The sun demon barely misses you. The hellwing hits you.
* * * LOW HITPOINT WARNING * * *
The hellwing hits you but does no damage.
You sock the hellwing! You burn the hellwing.
The hellwing is heavily wounded.
The sun demon hits you.
You die...

#.# ......♣ #.# .......
#.# ....... # #.# .....3.
#. #.# ....... #.. #.#
.......
#...#####.#########......!
#.......>......4@34y......
#..[.......#########.#####
#........).# #
#..#####...# #...# #...#
#...# #...# #...#


You could see a sun demon, 2 hellwings and a vampire mosquito.

Vanquished Creatures
  Gastronok (D:10)
  Snorg (D:10)
  Erolcha (D:9)
  2 two-headed ogres
  A soul eater (D:11)
  A manticore (D:9)
  Maggie (D:10)
  Psyche (D:11)
  A komodo dragon (D:8)
  A hellwing (D:11)
  A troll (D:6)
  Prince Ribbit (D:5)
  Sigmund (D:3)
  19 yaks
  Grum (D:9)
  2 wyverns
  A neqoxec (D:11)
  7 water moccasins
  2 black bears
  2 orc warriors
  An ice beast (D:7)
  A sky beast (D:7)
  3 centaurs
  2 phantoms
  2 wolves (D:9)
  4 kobold brigands
  Blork the orc (D:5)
  4 bullfrogs
  3 gnoll sergeants
  A scorpion (D:5)
  12 wights
  7 killer bees
  5 howler monkeys
  4 hounds
  2 quasits (D:11)
  2 orc priests
  Crazy Yiuf (D:3)
  3 jellies
  3 gnoll boudas
  7 iguanas
  A sleepcap (D:6)
  9 orc wizards
  19 gnolls
  3 adders
  An ufetubus (D:6)
  A worm (D:2)
  4 dart slugs
  24 orcs
  5 ball pythons
  8 endoplasms
  3 giant cockroaches
  8 goblins
  4 hobgoblins
  6 jackals
  4 quokkas
  5 bats
  3 frilled lizards
  14 kobolds
  4 rats
242 creatures vanquished.

Vanquished Creatures (others)
  An orc wizard (D:8)
1 creature vanquished.

Grand Total: 243 creatures vanquished

Notes
Turn   | Place    | Note
-------+----------+-------------------------------------------
     0 | D:1      | Ijustatesigmund the Gargoyle Earth Elementalist began the
                  | quest for the Orb.
     0 | D:1      | Reached XP level 1. HP: 10/10 MP: 3/3
   430 | D:1      | Reached XP level 2. HP: 16/16 MP: 1/5
   505 | D:1      | Reached skill level 1 in Fighting
   944 | D:2      | Reached XP level 3. HP: 20/20 MP: 3/6
   948 | D:2      | Learned a level 3 spell: Stone Arrow
  1729 | D:3      | Noticed Sigmund
  1732 | D:3      | Killed Sigmund
  1733 | D:3      | Reached skill level 5 in Earth Magic
  1733 | D:3      | Reached XP level 4. HP: 28/28 MP: 1/9
  1733 | D:3      | Reached XP level 5. HP: 32/32 MP: 1/10
  2028 | D:3      | Learned a level 4 spell: Petrify
  2203 | D:3      | Found a shimmering blue altar of Sif Muna.
  2277 | D:3      | Reached XP level 6. HP: 35/37 MP: 6/11
  2367 | D:3      | Found a stormy altar of Qazlal.
  2368 | D:3      | Found a bloodstained altar of Trog.
  2456 | D:3      | Found a shadowy altar of Dithmenos.
  2500 | D:3      | Found a broken altar of Ashenzari.
  2630 | D:3      | Found a runed translucent door.
  2631 | D:3      | Noticed Crazy Yiuf
  2976 | D:4      | Reached skill level 1 in Transmutations
  3091 | D:4      | Found an iron altar of Okawaru.
  3185 | D:4      | Reached skill level 1 in Maces & Flails
  3185 | D:4      | Reached skill level 1 in Conjurations
  3258 | D:5      | Entered Level 5 of the Dungeon
  3433 | D:5      | Found a hazy altar of Hepliaklqana.
  3589 | D:5      | Noticed Blork the orc
  3598 | D:5      | Killed Blork the orc
  3599 | D:5      | Reached XP level 7. HP: 31/41 MP: 1/12
  4298 | D:5      | Noticed Prince Ribbit
  4313 | D:5      | Killed Prince Ribbit
  4586 | D:5      | Found an ancient bone altar of Kikubaaqudgha.
  4660 | D:6      | Noticed a troll
  4673 | D:5      | Reached XP level 8. HP: 43/46 MP: 14/14
  4809 | D:6      | Killed a troll
  4932 | D:6      | Reached skill level 1 in Armour
  5972 | D:6      | Noticed Tali's ghost (novice DsCK)
  6394 | D:6      | Found a runed translucent gate.
  6395 | D:6      | Found a runed translucent gate.
  6400 | D:6      | Found a runed translucent gate.
  6714 | D:7      | Reached skill level 5 in Armour
  6862 | D:7      | Reached XP level 9. HP: 51/51 MP: 12/16
  7618 | D:7      | Reached skill level 5 in Spellcasting
  8051 | D:7      | Found a staircase to the Ecumenical Temple.
  8067 | Temple   | Entered the Ecumenical Temple
  8187 | Temple   | Became a worshipper of the Shining One
  8465 | D:8      | Noticed a komodo dragon
  8476 | D:8      | Reached skill level 1 in Invocations
  8485 | D:8      | Killed a komodo dragon
  8761 | D:8      | Found a staircase to the Lair.
  8807 | D:8      | Reached skill level 5 in Conjurations
  8818 | D:7      | Reached XP level 10. HP: 54/56 MP: 13/18
  9888 | D:8      | Identified the scarf of the Earth {+Inv, -Cast rElec rCorr}
 10221 | D:8      | Reached skill level 1 in Shields
 10464 | D:8      | Noticed a two-headed ogre
 10470 | D:8      | Killed a two-headed ogre
 10471 | D:8      | Reached skill level 5 in Invocations
 10866 | D:3      | Killed Crazy Yiuf
 11069 | D:9      | Noticed Grum
 11082 | D:9      | Killed Grum
 11317 | D:9      | Noticed a manticore
 11322 | D:9      | Killed a manticore
 11593 | D:9      | Noticed Erolcha
 11599 | D:9      | Killed Erolcha
 11599 | D:9      | Reached * piety under the Shining One
 11600 | D:9      | Reached skill level 5 in Shields
 11600 | D:9      | Reached XP level 11. HP: 60/60 MP: 4/20
 11895 | D:9      | Found a basalt altar of Yredelemnul.
 11897 | D:9      | Found a burning altar of Makhleb.
 11898 | D:9      | Found a white marble altar of Elyvilon.
 12226 | D:9      | Found a sacrificial altar of Ru.
 12921 | D:10     | Entered Level 10 of the Dungeon
 13249 | D:10     | Noticed Maggie
 13254 | D:10     | Killed Maggie
 13403 | D:10     | Reached ** piety under the Shining One
 13512 | D:10     | Noticed Snorg
 13523 | D:10     | HP: 1/60 [Snorg (11)]
 13525 | D:10     | Killed Snorg
 14014 | D:10     | Noticed Gastronok
 14040 | D:10     | HP: 1/60 [Gastronok (23)]
 14121 | D:10     | Killed Gastronok
 14820 | D:11     | Gained mutation: You occasionally lose the ability to read
                  | scrolls when taking damage. [a neqoxec]
 14823 | D:11     | Noticed a two-headed ogre
 14829 | D:11     | Killed a two-headed ogre
 15198 | D:11     | Reached XP level 12. HP: 64/64 MP: 14/21
 15247 | D:11     | Reached skill level 5 in Transmutations
 15358 | D:11     | Noticed Psyche
 15361 | D:11     | Killed Psyche
 15450 | D:11     | Noticed a sun demon
 15452 | D:11     | Noticed a soul eater
 15473 | D:11     | Killed a soul eater
 15475 | D:11     | HP: 1/64 [hellwing (6)]
 15476 | D:11     | Slain by a sun demon

Illustrated notes

Levels and vault maps discovered:
D:1:      lightli_arrival_flooded_house, layout_basic, minmay_vboxes
D:2:      layout_basic, nicolae_underground_beach
D:3:      layout_basic, mainiacjoe_overflow_two_lobes,
          mainiacjoe_overflow_brackets, gammafunk_temple_overflow_statue,
          uniq_sigmund, uniq_crazy_yiuf_cottage
D:4:      layout_rooms, kennysheep_okawaru_gauntlet, serial_aquarium,
          aquarium_bridge_long_separate [aquarium_subvault_bridge,
          aquarium_subvault_window, aquarium_subvault_bridge,
          aquarium_subvault_bridge, aquarium_subvault_bridge,
          aquarium_subvault_wall], aquarium_window_corner, aquarium_window_1,
          aquarium_view_2d, aquarium_pool_1, chequers_garden, feat_on_display
D:5:      layout_gridville, kennysheep_little_box,
          worldfamousw_hep_ancestral_shrine, uniq_prince_ribbit1,
          uniq_blork_the_orc
D:6:      layout_basic, gammafunk_ghost_icy, minmay_chambers_of_fives
D:7:      layout_loops_cross, minmay_temple_entry_grid
D:8:      layout_loops_corners, due_lair_maze_entry_diamond,
          nicolae_elevator_lobby_asterisk
D:9:      layout_basic, nicolae_overflow_quartered_altars, grunt_ministairs_1,
          uniq_grum, uniq_erolcha
D:10:     layout_irregular_city, enter_bailey_3, grunt_decor_mini_mirrors,
          uniq_maggie, uniq_gastronok, uniq_snorg
D:11:     layout_long_grid, david_orc_5, serial_demonic, serial_demonic_f,
          serial_demonic_a, serial_demonic_g, serial_demonic_a,
          serial_demonic_c, serial_demonic_c, serial_demonic_b,
          serial_demonic_a, serial_demonic_c, serial_demonic_f,
          nicolae_ru_the_path_less_chosen, uniq_psyche
Temple:   cyrus_temple_forest

Skill      XL: |  1  2  3  4  5  6  7  8  9 10 11 12 |
---------------+-------------------------------------+-----
Fighting       | 1 3 |  3.2
Earth Magic    | 4 5 6 7 8 9 |  9.2
Spellcasting   | 3 4 5 6 |  6.7
Transmutations | 1 2 4 5 |  5.1
Maces & Flails | 1 2 3 |  3.2
Conjurations   | 1 2 3 5 6 |  6.6
Armour         | 5 7 |  7.0
Invocations    | 2 6 9 |  9.7
Shields        | 5 8 |  8.2
Dodging        | |  1.5
Stealth        | |  2.1

Action                     |  1- 3 |  4- 6 |  7- 9 | 10-12 || total
---------------------------+-------+-------+-------+-------++-------
  Melee: Whip              |    22 |       |       |       ||    22
         Flail             |       |    15 |       |       ||    15
         Mace              |       |    16 |   171 |   302 ||   489
         Punch             |       |       |     3 |     2 ||     5
         Morningstar       |       |       |       |    96 ||    96
   Cast: Sandblast         |    39 |    35 |     7 |     1 ||    82
         Stone Arrow       |     1 |     6 |    85 |   101 ||   193
         Petrify           |       |       |    11 |     2 ||    13
  Evoke: Wand              |       |       |       |     4 ||     4
    Use: Scroll            |       |     4 |    10 |    11 ||    25
         Potion            |       |       |     5 |    10 ||    15
   Stab: Petrified         |       |       |    17 |       ||    17
 Armour: Robe              |     5 |    28 |    27 |       ||    60
         Troll leather arm |       |       |   173 |   364 ||   537
  Dodge: Dodged            |    25 |    32 |   237 |   329 ||   623
  Block: Kite shield       |       |       |       |   265 ||   265
